 Dungeon Crawl Stone Soup version 0.21.1-1-g345015f (webtiles) character file.

3686 zishaf the Fighter (level 9, -1/90 HPs)
             Began as a Minotaur Fighter on May 12, 2018.
             Was an Elder of the Shining One.
             Slain by a killer bee (8 damage)
             ... on level 8 of the Dungeon.
             The game lasted 00:15:09 (6400 turns).

zishaf the Fighter (Minotaur Fighter)               Turns: 6400, Time: 00:15:09

Health: -1/90      AC: 12    Str: 25    XL:     9   Next: 90%
Magic:  8/8        EV:  9    Int:  5    God:    the Shining One [****..]
Gold:   546        SH:  9    Dex:  7    Spells: 8/8 levels left

rFire    . . .     SeeInvis .   t - +2 war axe (chop)
rCold    . . .     Gourm    .   c - +0 shield
rNeg     + + .     Faith    .   g - +3 ring mail
rPois    .         Spirit   .   (helmet restricted)
rElec    .         Reflect  .   (no cloak)
rCorr    .         Harm     .   D - +0 pair of gloves
MR       .....     Clarity  +   (no boots)
Stlth    ..........             (no amulet)
HPRegen  0.25/turn              (no ring)
MPRegen  0.11/turn              (no ring)

@: lethally poisoned (-1 -> -8), berserk cooldown, slowed, glowing, very slow
A: retaliatory headbutt, horns 2, clarity, clumsy 1, deterioration 1
a: Divine Shield, Cleansing Flame, Renounce Religion


You were on level 8 of the Dungeon.
You worshipped the Shining One.
The Shining One was greatly pleased with you.
You were not hungry.

You visited 2 branches of the dungeon, and saw 9 of its levels.
You also visited: Ossuary.

You collected 546 gold pieces.

Inventory:

Hand Weapons
 a - a +0 war axe
 t - a +2 war axe of chopping (weapon)
Armour
 c - a +0 shield (worn)
 g - a +3 ring mail (worn)
 u - a +2 ring mail of magic resistance
 D - a +0 pair of gloves (worn)
Wands
 B - a wand of acid (7)
 G - a wand of paralysis (17)
Scrolls
 h - 4 scrolls of teleportation {unknown}
 i - a scroll of fog {unknown}
 j - a scroll of fear {unknown}
 k - 6 scrolls of remove curse
 o - a scroll of enchant armour
 q - a scroll of magic mapping {unknown}
 x - a scroll of noise {unknown}
 y - 2 scrolls of immolation {unknown}
 z - a scroll of enchant weapon {unknown}
 C - a scroll of amnesia {unknown}
 E - a scroll of vulnerability {unknown}
 J - a scroll of holy word {unknown}
Potions
 b - 2 potions of magic
 d - 2 potions of might
 e - 4 potions of curing
 l - 2 potions of cancellation
 m - a potion of resistance
 n - a potion of agility
 r - 4 potions of heal wounds
 v - a potion of lignification
 F - a potion of brilliance
 H - a potion of ambrosia
 I - 2 potions of flight
 K - 2 potions of haste
Comestibles
 f - 18 rations


   Skills:
 + Level 11.7 Fighting
 - Level 5.0 Axes
 + Level 11.6 Armour
 - Level 3.0 Dodging
 - Level 3.6 Shields


You had 8 spell levels left.
You didn't know any spells.

Dungeon Overview and Level Annotations

Branches:
Dungeon (8/15)             Temple (1/1) D:4
   Lair: D:8-11

Altars:
Cheibriados
Dithmenos
Elyvilon
Gozag
Kikubaaqudgha
Makhleb
Okawaru
Ru
Trog
Wu Jian
Xom
Zin
The Shining One

Shops:
D:6 }


Innate Abilities, Weirdness & Mutations

You reflexively headbutt those who attack you in melee.
You have a pair of horns on your head.
You possess an exceptional clarity of mind.
You are clumsy. (Dex -2)
Your body sometimes deteriorates upon taking damage.


Message History

You slice the killer bee!!
You kill the killer bee!
You block the killer bee's attack.
You closely miss the killer bee. Your headbutt misses the killer bee.
You feel sick. You block the killer bee's attack.
You completely miss the killer bee. Your headbutt misses the killer bee.
The killer bee stings you.
* * * LOW HITPOINT WARNING * * *
You are more poisoned.
The killer bee poisons you! You block the killer bee's attack.
Your shield and ring mail prevent you from hitting the killer bee.
Your headbutt misses the killer bee.
You are no longer berserk.
You are exhausted.
You feel yourself slow down.
* * * LOW HITPOINT WARNING * * *
You feel sick.
The killer bee stings you but does no damage.
The killer bee stings you!
You die...

##.## ##.##.## #.##
##..... . # ##.##
##....## #% #.
##.###.##### #.##.
##.#..# #...# ##.#.##
###.y. #..#..#
##...yy########.###.#
....yyyy@.......# #.#
############.##.# #.#
#.##.# #.#
#.##.###.###
#.##...[..<#
#.##.###.### #.##.#
#.# #.##.# ### #.##.#


You could see 7 killer bees.

Vanquished Creatures
  Pikel (D:5)
  A queen bee (D:8)
  The ghost of SpoonFarmer the Basher, an amateur MiFi (D:5)
  Eustachio (D:5)
  A hungry ghost (D:8)
  A water moccasin (D:7)
  A sky beast (D:5)
  A black bear (D:7)
  An ogre (D:6)
  3 centaurs
  A big kobold (D:7)
  2 bullfrogs (D:7)
  9 killer bees
  3 crimson imps
  2 orc priests (D:4)
  3 orc wizards
  4 centaur skeletons
  4 hounds
  2 jellies
  Jessica (D:2)
  3 iguanas
  Ijyb (D:5)
  4 worker ants
  A big kobold zombie (Ossuary)
  A hound skeleton (D:6)
  8 mummies (Ossuary)
  2 worker ant zombies
  12 gnolls
  7 adders
  2 shadow imps (D:5)
  3 oozes
  2 adder zombies
  An adder skeleton (D:4)
  5 worms
  2 dart slugs (D:1)
  A leopard gecko (D:2)
  17 orcs
  7 bats
  2 bat zombies (D:8)
  4 giant cockroaches
  15 goblins
  17 hobgoblins
  8 jackals
  22 kobolds
  7 quokkas
  5 frilled lizards
  2 hobgoblin zombies (Ossuary)
  A jackal skeleton (D:4)
  2 kobold zombies (Ossuary)
  2 leopard gecko skeletons
  3 orc zombies (Ossuary)
  A quokka skeleton (D:3)
  9 rats
  2 rat zombies (D:8)
224 creatures vanquished.

Notes
Turn   | Place    | Note
-------+----------+-------------------------------------------
     0 | D:1      | zishaf the Minotaur Fighter began the quest for the Orb.
     0 | D:1      | Reached XP level 1. HP: 19/19 MP: 0/0
    41 | D:1      | Reached XP level 2. HP: 25/26 MP: 1/1
   552 | D:1      | Reached XP level 3. HP: 30/31 MP: 2/2
   917 | D:2      | Found a shadowy altar of Dithmenos.
   978 | D:2      | Reached skill level 5 in Axes
  1133 | D:2      | You fall through a shaft!
  1328 | D:2      | Reached XP level 4. HP: 40/40 MP: 3/3
  1384 | D:2      | Found a glowing golden altar of the Shining One.
  1390 | D:2      | Became a worshipper of the Shining One
  1597 | D:2      | Noticed Jessica
  1601 | D:2      | Killed Jessica
  1601 | D:2      | Reached skill level 1 in Dodging
  2124 | D:3      | Reached XP level 5. HP: 46/46 MP: 4/4
  2855 | D:4      | Reached skill level 5 in Armour
  2855 | D:4      | Reached XP level 6. HP: 55/55 MP: 5/5
  2873 | D:4      | Reached skill level 5 in Fighting
  2897 | D:4      | Reached * piety under the Shining One
  2921 | D:4      | Found a staircase to the Ecumenical Temple.
  2937 | Temple   | Entered the Ecumenical Temple
  3203 | D:4      | Found a bloodstained altar of Trog.
  3203 | D:4      | Found an iron altar of Okawaru.
  3204 | D:4      | Found a shimmering altar of Xom.
  3412 | D:5      | Entered Level 5 of the Dungeon
  3431 | D:5      | Reached XP level 7. HP: 63/63 MP: 6/6
  3481 | D:5      | Found a burning altar of Makhleb.
  3630 | D:5      | Noticed SpoonFarmer's ghost (amateur MiFi)
  3655 | D:5      | Killed SpoonFarmer's ghost
  3683 | D:5      | Reached ** piety under the Shining One
  3761 | D:5      | Noticed Eustachio
  3769 | D:5      | Killed Eustachio
  3769 | D:5      | Reached XP level 8. HP: 69/74 MP: 7/7
  3824 | D:5      | Noticed Ijyb
  3829 | D:5      | Killed Ijyb
  3840 | D:5      | Noticed Pikel
  3845 | D:5      | Killed Pikel
  4431 | D:6      | Found a sacrificial altar of Ru.
  4434 | D:6      | Found a glowing silver altar of Zin.
  4473 | D:6      | Found a white marble altar of Elyvilon.
  4700 | D:6      | Reached XP level 9. HP: 82/85 MP: 8/8
  4777 | D:6      | Reached skill level 10 in Fighting
  4816 | D:6      | Found Reogra's Gadget Shoppe.
  5055 | D:6      | Found a snail-covered altar of Cheibriados.
  5114 | D:7      | Reached skill level 10 in Armour
  5466 | D:7      | Found a sand-covered staircase.
  5475 | Ossuary  | Entered an ossuary
  5477 | Ossuary  | Reached *** piety under the Shining One
  5525 | Ossuary  | Reached **** piety under the Shining One
  6106 | D:7      | Gained mutation: Your mind is acute. (Int +2) [potion of mutation]
  6106 | D:7      | Gained mutation: You are frail. (-10% HP) [potion of mutation]
  6106 | D:7      | Gained mutation: You have large cloven feet. [potion of mutation]
  6107 | D:7      | Lost mutation: You are frail. (-10% HP) [potion of mutation]
  6107 | D:7      | Lost mutation: You have large cloven feet. [potion of mutation]
  6107 | D:7      | Lost mutation: Your mind is acute. (Int +2) [potion of mutation]
  6107 | D:7      | Gained mutation: You are clumsy. (Dex -2) [potion of mutation]
  6107 | D:7      | Gained mutation: Your body sometimes deteriorates upon taking damage. [potion of mutation]
  6107 | D:7      | Gained mutation: You possess an exceptional clarity of mind. [potion of mutation]
  6319 | D:8      | Found an ancient bone altar of Kikubaaqudgha.
  6373 | D:8      | Noticed a queen bee
  6386 | D:8      | Killed a queen bee
  6400 | D:8      | Slain by a killer bee

Skill      XL: |  1  2  3  4  5  6  7  8  9 |
---------------+----------------------------+-----
Axes           | 3 4 5 |  5.0
Fighting       | 4 6 8 9 11 | 11.7
Armour         | 4 5 6 7 9 11 | 11.6
Dodging        | 1 2 3 |  3.0
Shields        | |  3.6

Action                   |  1- 3 |  4- 6 |  7- 9 || total
-------------------------+-------+-------+-------++-------
Melee: War axe           |    90 |   114 |   235 ||   439
       Headbutt          |    16 |    22 |    32 ||    70
  Use: Scroll            |       |     2 |     5 ||     7
       Potion            |       |       |    12 ||    12
  Eat: Chunk             |     1 |     7 |     6 ||    14
       Ration            |       |       |     2 ||     2
Armor: Scale mail        |    37 |    22 |       ||    59
       Ring mail         |       |     8 |    95 ||   103
Dodge: Dodged            |    30 |    28 |    98 ||   156
Block: Shield            |    50 |    48 |   142 ||   240
